[Event "*** Titled Tuesday Blitz"]
[Site "Chess.com"]
[Date "2021.03.30"]
[Round "8"]
[White "GMKrikor"]
[Black "Leonid_Starozhilov"]
[Result "1/2-1/2"]
[WhiteElo "2839"]
[BlackElo "2731"]
[TimeControl "180+1"]
[EndTime "11:30:02 PDT"]
[Termination "Game drawn by repetition"]

1. e4 g6 2. d4 Bg7 3. Nc3 d6 4.
Be3 a6 5. h4 h5 6. f3 b5 7. Qd2 Nd7 8. Nh3 Ngf6 9. Ng5 Nh7 10. Nxh7 Rxh7 11. O-O-O Nb6 12. Kb1 Bb7 13. Bd3 c6 14. Qf2 Qc7 15. Ne2 Rc8 16. c3 c5 17.
Rc1 e5 18. Rhd1 Bh6 19. Bxh6 Rxh6 20. dxc5 dxc5 21. c4 b4 22. Ng3 Rh8 23. Nf1 Rd8 24. Ne3 Rd4 25. Nd5 Qd6 26. Be2 Kf8 27. Qg3 Rxd1 28. Rxd1 Bxd5 29. exd5 Kg7 30. Bd3 Re8 31. Re1 Qf6 32. Qf2 Nd7 33. Bc2 Re7 34. g3 Qd6 35. Qe3 Nb6 36. b3 a5 37. Qg5 a4 38. f4 axb3 39. axb3 Nd7 40. f5 e4 41. fxg6 Re5 42. Qf4 fxg6 43. Rxe4 Qe7 44. Rxe5 Nxe5 45. Kc1 Qd6 46. Kd2 Qe7 47. Be4 Qd6 48. Ke2 Qe7 49.
Kf1 Qd6 50. Kg2 Qe7 51. Bf3 Qd6 52. Qd2 Qe7 53. Qf2 Qd6 54. Be2 Nd7 55. Qf4 Ne5 56. Kf2 Qe7 57. Kg2 Qd6 58. Qg5 Nf7 59. Qe3 Ne5 60. Bf3 Qe7 61. Qf4 Qd6 62. Be4 Qe7 63. Bf3 1/2-1/2

[Event "*** Titled Tuesday Blitz"]
[Site "Chess.com"]
[Date "2021.03.30"]
[Round "8"]
[White "Rytenko_V"]
[Black "TioCridineno"]
[Result "1/2-1/2"]
[WhiteElo "2390"]
[BlackElo "2284"]
[TimeControl "180+1"]
[EndTime "11:30:03 PDT"]
[Termination "Game drawn - insufficient material"]

1. d4 Nf6 2. Nc3 d5 3. Bg5 e6 4. e4 Be7 5. Bxf6 Bxf6 6. Nf3 dxe4 7. Nxe4 Nd7 8. Bd3 O-O 9. c3 g6 10. Nxf6+ Qxf6 11. h4 h5 12. Qe2 c5 13. O-O-O cxd4 14. Nxd4 Nc5 15. Bc2 b6 16. f3 e5 17. Nb3 Nxb3+ 18.
Bxb3 Be6 19. Bxe6 Qxe6 20. g4 Qxa2 21. gxh5 Rfd8 22. hxg6 fxg6 23. Qe4 Kf7 24. h5 Qe6 25.
Rdg1 Qf6 26. hxg6+ Kg8 27. g7 Qf4+ 28. Qxf4 exf4 29.
Rh4 Rac8 30. Rxf4 Rc7 31. Kc2 Rxg7 32. Rxg7+ Kxg7 33. b4 Rd7 34. Kb3 Kg6 35. b5 Kg5 36.
Rf8 Kg6 37. Kb4 Kg7 38. Rf4 Kg6 39. c4 Kg5 40. Rf8 Kg6 41. Rf4 Kg5 42. Re4 Kg6 43.
c5 bxc5+ 44. Kxc5 Kf5 45. Kc6 Rh7 46. Ra4 Ke5 47. f4+ Kf5 48. Kc5 Rc7+ 49. Kd6 Rh7 50. Rc4 Rh6+ 51. Kd5 Rh7 52. Rc6 Rb7 53. Rc5 Rh7 54.
Kc6+ Kxf4 55. Rd5 Ke4 56. Rd7 Rxd7 57. Kxd7 Kd4 58. Kc6 Kc4 59. b6 axb6 60. Kxb6 1/2-1/2

[Event "*** Titled Tuesday Blitz"]
[Site "Chess.com"]
[Date "2021.03.30"]
[Round "8"]
[White "dpopadic"]
[Black "Vandros57"]
[Result "1-0"]
[WhiteElo "2297"]
[BlackElo "2197"]
[TimeControl "180+1"]
[EndTime "11:30:04 PDT"]
[Termination "dpopadic won on time"]

1. e4 c5 2. Nc3 e6 3. d3 Nc6 4. g4 h5 5. g5 h4 6. Nh3 Nge7 7. Bg2 Ng6 8. f4 d5 9. O-O dxe4 10. Nxe4 Nd4 11.
Be3 Nf5 12. Bf2 Qc7 13. Qd2 Be7 14. c3 Bd7 15. Rad1 O-O 16. Kh1 Rad8 17. Bg1 Bc6 18.
Qe2 b6 19. Bf3 Nd6 20. Be3 Nxe4 21. dxe4 Rxd1 22. Rxd1 Rd8 23. Kg1 Rxd1+ 24. Qxd1 Qd6 25. Qxd6 Bxd6 26. Kf2 f5 27. exf5 Bxf3 28. fxg6 Be4 29. Ng1 Bxg6 30. Nf3 Bb1 31. a3 g6 32. Nxh4 Kf7 33. Nf3 a5 34. Nd2 Bd3 35. h4 a4 36.
Kf3 b5 37. Bf2 b4 38. Ne4 Bxe4+ 39. Kxe4 bxa3 40. bxa3 c4 41. Kd4 Bxa3 42. Kxc4 Bc1 43. Bg3 a3 44. Kb3 Ke7 45. c4 Kd7 46. Be1 Kc6 47. Bb4 Bxf4 48. Kxa3 Bg3 49. h5 gxh5 50. g6 Be5 51. Be1 h4 52. Bxh4 Kc5 53. Kb3 Bg7 54. Be1 e5 55. Bc3 Kc6 56. Kb4 Kd6 57. Kb5 Kc7 58.
c5 Kc8 59. c6 Kc7 60. Kc5 Kc8 61. Kd5 Kc7 62. Bxe5+ Kc8 63. Bxg7 1-0

[Event "*** Titled Tuesday Blitz"]
[Site "Chess.com"]
[Date "2021.03.30"]
[Round "8"]
[White "Rodalquilar"]
[Black "SantoBlue"]
[Result "1-0"]
[WhiteElo "2670"]
[BlackElo "2797"]
[TimeControl "180+1"]
[EndTime "11:30:05 PDT"]
[Termination "Rodalquilar won by resignation"]

1. d4 Nf6 2. Bf4 d5 3. e3 Bf5 4. c4 e6 5. Nc3 Nbd7 6. Nf3 Bb4 7.
Be2 Ne4 8. Qb3 Bxc3+ 9. bxc3 O-O 10. cxd5 exd5 11. Qxd5 Bg6 12. Rc1 c6 13. Qb3 Nb6 14. O-O Bh5 15. Rfd1 Nd5 16. Be5 b5 17. c4 bxc4 18. Rxc4 Qa5 19. Qc2 Nec3 20. Rc1 Qxa2 21.
Bd3 Qxc2 22. Rxc2 Nb5 23. Rxc6 Nb4 24. Bxb5 Nxc2 25. Rxc2 Rfc8 26. Rxc8+ Rxc8 27. Kf1 Rc1+ 28. Ke2 Rc2+ 29. Ke1 Rb2 30. Bc6 Rb1+ 31. Ke2 Rb2+ 32.
Ke1 Rb1+ 33. Kd2 Rb2+ 34. Kc3 Rxf2 35. d5 f6 36. d6 Bg4 37. Bg3 Rf1 38. d7 Bxd7 39.
Bxd7 Rc1+ 40. Kd2 Rb1 41. Be6+ Kf8 42. Nd4 Rb2+ 43. Nc2 Rb1 44. Bc4 a5 45. Kc3 Rg1 46.
Bd5 Ke7 47. Nd4 a4 48. Bc4 Rxg2 49. Nf5+ Kd7 50. Nxg7 a3 51. Nh5 Ke7 52. Nf4 a2 53.
Nd5+ Kf7 54. Nb4+ Kg6 55. Nxa2 h5 56. Nb4 Kg5 57. Nd5 h4 58. Bf4+ Kf5 59. Bd3+ Ke6 60. Be4 Rg1 61. Nc7+ Kd7 62. Nb5 Ke6 63. Nd4+ Kf7 64.
Nf3 h3 65. Nxg1 1-0

[Event "*** Titled Tuesday Blitz"]
[Site "Chess.com"]
[Date "2021.03.30"]
[Round "8"]
[White "TosicSrecko"]
[Black "Tpros"]
[Result "1-0"]
[WhiteElo "2325"]
[BlackElo "2450"]
[TimeControl "180+1"]
[EndTime "11:30:05 PDT"]
[Termination "TosicSrecko won on time"]

1. d4 Nf6 2. Bg5 e6 3. e4 h6 4. Bxf6 Qxf6 5. Nf3 d5 6. Nbd2 g6 7. Bd3 Bg7 8. O-O O-O 9. Re1 c6 10. c3 Nd7 11. a4 a5 12. Nf1 b6 13. Ng3 Ba6 14. Bxa6 Rxa6 15. exd5 cxd5 16. Qd3 Ra7 17. Qb5 Rb8 18. Nf1 Qd8 19. Ne3 Qc7 20. h3 Rc8 21. Ng4 Qc6 22. Qxc6 Rxc6 23. Kf1 h5 24. Ne3 Rb7 25.
Nd1 b5 26. axb5 Rxb5 27. Ke2 Nb6 28. Nd2 Bh6 29. Kd3 Bxd2 30. Kxd2 Nc4+ 31. Kc2 Rcb6 32. Ra2 Kg7 33. Re2 Kf6 34. Kc1 h4 35. Ne3 Nd6 36. Ng4+ Ke7 37. Ne5 Nf5 38. Nf3 Kf6 39. Kc2 Rc6 40. Kd2 Rcb6 41. Kc2 Nd6 42. Ne5 Rb7 43. Nf3 Nc4 44. Kc1 g5 45. Ne5 Nxe5 46. Rxe5 R7b6 47. Kc2 Kg6 48. Kc1 f6 49. Re2 Kf5 50. Re3 e5 51. Rf3+ Kg6 52. dxe5 fxe5 53. Rd3 Kf5 54. Kc2 e4 55. Rd4 Kf4 56. Rda4 Ra6 57. b4 Rc6 58. Rxa5 Rxb4 59. Rxd5 Rbc4 60. Ra3 e3 61. fxe3+ Kxe3 62. Rxg5 Kf2 63. Kd3 R4c5 64. Ra2+ 1-0

[Event "*** Titled Tuesday Blitz"]
[Site "Chess.com"]
[Date "2021.03.30"]
[Round "8"]
[White "KrolPawel92OnTwitch"]
[Black "ural58"]
[Result "1-0"]
[WhiteElo "2623"]
[BlackElo "2488"]
[TimeControl "180+1"]
[EndTime "11:30:06 PDT"]
[Termination "KrolPawel92OnTwitch won by resignation"]

1. d4 d5 2. c4 e5 3. dxe5 d4 4. Nf3 Nc6 5. g3 Nge7 6. Bg2 Ng6 7. O-O Ngxe5 8. Nxe5 Nxe5 9. b3 Bc5 10. Bb2 O-O 11. e3 Bg4 12. Qc2 Nf3+ 13. Bxf3 Bxf3 14. Nd2 Be2 15. Rfe1 d3 16. Qc3 f6 17. b4 Bd6 18. c5 Be5 19. Qb3+ Kh8 20. Nc4 Bxb2 21. Qxb2 Qd5 22. Nd2 a5 23. a3 Rfd8 24. Qc3 axb4 25. axb4 c6 26. Rxa8 Rxa8 27. Ra1 Rd8 28. Ra7 Rb8 29.
Qd4 Qg8 30. f4 h6 31. Kf2 Rd8 32. Qe4 Rd7 33. h3 Qd8 34. g4 Re7 35. Qf5 Qe8 36.
e4 Qb8 37. Ra1 Re8 38. h4 Qd8 39. Ke3 b6 40. g5 fxg5 41. hxg5 bxc5 42. bxc5 Rf8 43.
Qg6 h5 44. Rh1 Qc7 45. e5 Qe7 46. Ne4 Qf7 47. Qxf7 Rxf7 48. g6 Ra7 49. Rb1 Ra8 50. Ng3 Bg4 51. f5 h4 52. Rh1 d2 53. Rxh4+ Kg8 54.
Kxd2 Ra2+ 55. Ke3 Ra3+ 56. Kf4 Bd1 57. f6 Rf3+ 58. Ke4 gxf6 59. Nf5 fxe5 60. Rh1 Be2 61. Re1 Rf4+ 62. Kxe5 Rf2 63. Ra1 Rxf5+ 64. Kxf5 Kg7 65. Ra7+ Kf8 66. Kf6 Ke8 1-0

[Event "*** Titled Tuesday Blitz"]
[Site "Chess.com"]
[Date "2021.03.30"]
[Round "8"]
[White "VD_coach"]
[Black "Sadykov_Ramil"]
[Result "0-1"]
[WhiteElo "2481"]
[BlackElo "2602"]
[TimeControl "180+1"]
[EndTime "11:30:10 PDT"]
[Termination "Sadykov_Ramil won by resignation"]

1. d4 d5 2. Nf3 Nf6 3. c4 e6 4.
Nc3 Be7 5. cxd5 exd5 6. Bg5 c6 7. e3 Bf5 8. Bd3 Bxd3 9. Bxf6 Bxf6 10. Qxd3 a5 11. O-O O-O 12. a3 a4 13. Qc2 Qa5 14.
Rfe1 Nd7 15. e4 dxe4 16. Rxe4 Nb6 17. Ne5 Rfe8 18. Rae1 Re6 19. Ng4 Bxd4 20. Rxe6 fxe6 21. Qe4 e5 22. Nxe5 Bxe5 23. Qxe5 Qxe5 24. Rxe5 Nc4 25. Re7 b5 26. Rc7 b4 27. axb4 a3 28. bxa3 Rxa3 29.
h4 Rxc3 30. Rxc6 Kf7 31. b5 Rc1+ 32. Kh2 Rb1 33. Rxc4 Rxb5 34. Rf4+ Kg6 35. g3 h5 36. Kg2 Kh6 37. Rf3 g6 38. Re3 Rc5 39. Re6 Rc4 40. Re3 Rd4 41. Kf3 Rc4 42. Re4 Rc3+ 43. Kf4 Rc2 44. f3 Rc8 45. Rd4 Rf8+ 46. Ke3 Re8+ 47. Re4 Ra8 48. Re5 Ra3+ 49. Kf4 Ra4+ 50.
Re4 Ra5 51. Rd4 Rb5 52. Ke4 Ra5 53. Rd5 Ra3 54. Ke5 Rxf3 55. Rd4 Rxg3 56. Rf4 g5 57. Rf6+ Kg7 58. hxg5 Rxg5+ 59. Rf5 Kg6 60. Rxg5+ Kxg5 61. Ke4 Kg4 62. Ke3 Kg3 63. Ke2 Kg2 0-1

[Event "*** Titled Tuesday Blitz"]
[Site "Chess.com"]
[Date "2021.03.30"]
[Round "8"]
[White "ViktoriyaTarasova"]
[Black "Bhagya_2312"]
[Result "1-0"]
[WhiteElo "2411"]
[BlackElo "2177"]
[TimeControl "180+1"]
[EndTime "11:30:11 PDT"]
[Termination "ViktoriyaTarasova won on time"]

1. d4 f5 2. c4 Nf6 3. g3 e6 4. Bg2 d5 5. Nf3 c6 6. O-O Bd6 7. Qc2 O-O 8. b3 Qe7 9. Bb2 b6 10. Ne5 Bb7 11. Nd2 Nbd7 12. Ndf3 Ne4 13. Rac1 c5 14.
e3 Ndf6 15. Rfd1 Rac8 16. Qe2 Ng4 17. Rf1 Nxe5 18. dxe5 Bb8 19. Ne1 dxc4 20. bxc4 Rcd8 21. Nd3 Ng5 22. f3 Nf7 23. Rfd1 g5 24. f4 g4 25. Nf2 h5 26. Rxd8 Rxd8 27. Rd1 Bxg2 28.
Kxg2 h4 29. gxh4 Qxh4 30. Rxd8+ Qxd8 31. Nh1 Qd7 32. Ng3 Nd8 33. Nh5 Qf7 34. Nf6+ Kg7 35. Qd2 Bc7 36. Kg1 Qe7 37. Qg2 Nf7 38. h3 Nh6 39.
hxg4 fxg4 40. Nxg4 Qh4 41. Nf6+ Kf7 42. Bc3 Bd8 43. Ne4 Qg4 44. Nd6+ Ke7 45. Nc8+ Kd7 46. Qxg4 Nxg4 47. Nxa7 Nxe3 48. Kf2 Nxc4 49. Kf3 Bc7 50. Ke4 Na5 51. Nb5 Nc6 52. Nxc7 Kxc7 53. f5 exf5+ 54. Kxf5 b5 55. e6 Kd6 56. Be1 b4 57. Bg3+ Ke7 58.
Bh4+ Ke8 59. Ke4 c4 60. Kd5 Na5 61. Be1 b3 62. axb3 cxb3 63. Bc3 1-0

[Event "*** Titled Tuesday Blitz"]
[Site "Chess.com"]
[Date "2021.03.30"]
[Round "8"]
[White "utsavp"]
[Black "xberli"]
[Result "1-0"]
[WhiteElo "2318"]
[BlackElo "2482"]
[TimeControl "180+1"]
[EndTime "11:30:12 PDT"]
[Termination "utsavp won by checkmate"]

1. e4 e5 2. Nf3 Nc6 3. Bb5 Nf6 4. Qe2 Bc5 5. c3 O-O 6. O-O Re8 7. h3 a6 8. Ba4 Ba7 9. Rd1 d6 10. d3 h6 11. Nbd2 Bd7 12. Nf1 Ne7 13. Bxd7 Qxd7 14. Ng3 Kh7 15. Nh4 Ng6 16. Nhf5 Nf4 17. Qf3 Ne6 18. Nxh6 Nf4 19. Bxf4 exf4 20. Qxf4 gxh6 21. Qxf6 Qe6 22. Qf4 Rg8 23. d4 Rg5 24. Nf5 Rag8 25. g3 Bb8 26. d5 Qf6 27. Kg2 Ba7 28. Rd2 R5g6 29. Re1 Re8 30. Rde2 Re5 31. Kh2 Rg5 32. Ne3 Qg7 33. Ng4 Re7 34. Nf6+ Kh8 35. h4 Rg6 36. Nh5 Qe5 37. Qxe5+ Rxe5 38. Nf4 Rg8 39. Nd3 Ree8 40. e5 dxe5 41. Rxe5 Rd8 42. Kg2 Bb8 43. Rf5 Rg7 44. Re7 Kg8 45. c4 c6 46. Rxb7 cxd5 47. Rxd5 Re8 48. b3 h5 49. Rxh5 Bd6 50. Rd5 Bf8 51. Rg5 Re2 52. a4 Rd2 53. Rxg7+ Bxg7 54. Nf4 Bd4 55. Nh3 a5 56. Rd7 Kf8 57.
h5 Ke8 58. Rd5 Ke7 59. h6 Bc3 60. Rxd2 Bxd2 61. f4 Bc3 62. Kf3 Kd6 63. Ke4 Kc5 64.
Kd3 Kb4 65. Kc2 Bd4 66. g4 Kc5 67. g5 Kd6 68. Kd3 Bb2 69. Ke4 Kc5 70. f5 Bh8 71. g6 fxg6 72. fxg6 Bf6 73. g7 Kb4 74. g8=Q Kxb3 75.
c5+ Kxa4 76. Qc4+ Ka3 77. c6 a4 78. c7 Kb2 79. c8=Q a3 80. Qb7+ Ka1 81. Qc1+ Ka2 82. Qcb1# 1-0

[Event "*** Titled Tuesday Blitz"]
[Site "Chess.com"]
[Date "2021.03.30"]
[Round "8"]
[White "petincash"]
[Black "karwowskikacper"]
[Result "0-1"]
[WhiteElo "2281"]
[BlackElo "2435"]
[TimeControl "180+1"]
[EndTime "11:30:15 PDT"]
[Termination "karwowskikacper won by checkmate"]

1. e4 c5 2. Nc3 Nc6 3. Nf3 g6 4. d4 cxd4 5. Nxd4 Bg7 6. Nb3 a5 7. a4 d6 8. Be2 Nf6 9. O-O O-O 10. Bg5 Be6 11. Kh1 Nb4 12. Nd4 Rc8 13. Ndb5 Bc4 14. f4 Bxb5 15. axb5 Nxe4 16. Nxe4 Nxc2 17. Ra3 Nxa3 18.
bxa3 d5 19. Nf2 Qd6 20. Qa4 b6 21. f5 gxf5 22. Nh3 e6 23. Qh4 Qe5 24. Bf3 Rc4 25. Qh5 d4 26. Bc6 f6 27. Bf4 Qc5 28. Qf3 e5 29. Bd5+ Kh8 30. Bxc4 Qxc4 31. Bd2 f4 32.
Rb1 Rc8 33. Nf2 Qc2 34. Qd3 Qa2 35. h3 Rc2 36. Ne4 Qxb1+ 37. Kh2 Qa2 38. Nd6 Rxd2 39.
Qe4 Rxg2+ 40. Qxg2 Qxg2+ 41. Kxg2 Bf8 42. Nc8 Bc5 43.
a4 Kg7 44. Kf3 f5 45. Na7 Bd6 46. Nc8 e4+ 47. Kf2 Bc5 48. Na7 d3+ 49. Ke1 f3 50. Nc6 Kf6 51. Nd8 e3 52. h4 Bb4+ 53. Kf1 e2+ 54.
Kf2 e1=Q+ 55. Kxf3 Qe4+ 56. Kg3 Bd6+ 57. Kf2 Qg4 58. Ke3 Qe2+ 59. Kd4 Bc5+ 60. Kd5 d2 61. Kc6 Qf3+ 62. Kc7 d1=Q 63. Nc6 Qd6+ 64. Kb7 Qd7+ 65.
Ka6 Qfxc6 66. bxc6 Qc7 67. h5 b5 68. Kxb5 Qb6+ 69.
Kc4 Ke5 70. h6 Qb4+ 71. Kd3 Qb3+ 72. Kd2 Bb4+ 73. Ke2 f4 74. c7 f3+ 75. Kf1 Bc5 76.
c8=Q Qd1# 0-1

[Event "*** Titled Tuesday Blitz"]
[Site "Chess.com"]
[Date "2021.03.30"]
[Round "8"]
[White "StockholmMissile"]
[Black "Aslanov_Umid"]
[Result "1/2-1/2"]
[WhiteElo "2560"]
[BlackElo "2433"]
[TimeControl "180+1"]
[EndTime "11:30:16 PDT"]
[Termination "Game drawn by repetition"]

1. d4 d5 2. c4 e6 3. Nf3 c6 4. Nbd2 Nf6 5. g3 Be7 6. Bg2 O-O 7.
O-O Nbd7 8. Qc2 h6 9. e4 dxe4 10. Nxe4 Nxe4 11. Qxe4 Nf6 12. Qc2 Qc7 13. Rd1 c5 14.
Bf4 Qb6 15. dxc5 Bxc5 16. h3 Bd7 17. Ne5 Bc6 18. Nxc6 bxc6 19. Rab1 a5 20. b3 Rad8 21.
Bf3 Rxd1+ 22. Rxd1 Re8 23. Be5 Nh7 24. h4 Nf8 25. Kg2 Ng6 26. Bc3 Qc7 27. Be4 Ne5 28. Qb2 Ng4 29. Rd2 f5 30. Bf3 Nxf2 31. Rxf2 Bxf2 32.
Qxf2 e5 33. Bh5 Rf8 34. Qc5 e4 35. Qe5 Qxe5 36. Bxe5 Rd8 37. Bc3 a4 38. bxa4 Rd3 39.
Bb4 c5 40. Bxc5 Rd2+ 41. Kf1 Rxa2 42. Be8 g5 43. hxg5 hxg5 44. Be3 Ra3 45. Kf2 f4 46. gxf4 gxf4 47. Bc5 Ra2+ 48. Ke1 e3 49. Bh5 Rxa4 50. Bd1 Ra2 51. Bd6 Kf7 52. Bxf4 Ke6 53. Bxe3 Kd6 54. c5+ Kc6 55. Bf3+ Kc7 56. Bf4+ Kc8 57. c6 Rc2 58.
Bg3 Rc3 59. Kf2 Rc2+ 60. Ke3 Rc3+ 61. Kf4 Rc4+ 62. Be4 Kc7 63. Kf5+ Kb6 64. Bf2+ Kc7 65. Bg3+ Kb6 66. Bf2+ Kc7 67. Bg3+ 1/2-1/2

[Event "*** Titled Tuesday Blitz"]
[Site "Chess.com"]
[Date "2021.03.30"]
[Round "8"]
[White "Nozdrachev_Leonid"]
[Black "KaterynaLagno"]
[Result "0-1"]
[WhiteElo "2539"]
[BlackElo "2690"]
[TimeControl "180+1"]
[EndTime "11:30:19 PDT"]
[Termination "KaterynaLagno won by resignation"]

1. e4 e5 2. Nf3 Nc6 3. Bb5 a6 4. Ba4 Nf6 5. O-O b5 6. Bb3 Bc5 7. a4 Rb8 8. c3 d6 9. d4 Bb6 10. a5 Ba7 11. h3 Bb7 12. Be3 Nxe4 13. d5 Bxe3 14. dxc6 Nxf2 15. Qd5 Ne4+ 16. Kh2 Bf4+ 17. g3 Bxg3+ 18. Kg2 O-O 19. Qxe4 Bxc6 20. Qxc6 Bf4 21. Qe4 Kh8 22. Kh1 f5 23. Qd5 e4 24. Ng1 Qh4 25.
Na3 Qg3 26. Rxf4 Qxf4 27. Nc2 Rbe8 28. Nd4 Re5 29. Ne6 Qg3 30. Qd2 Rf6 31. Qf4 Qxf4 32. Nxf4 c6 33. Nge2 g5 34. Nh5 Rh6 35. Nhg3 f4 36.
Nf1 Rxh3+ 37. Kg2 Rd3 38. Nd4 c5 39. Nc6 Re8 40. Bf7 Rf8 41. Be6 e3 42. Kf3 h5 43.
Ke2 c4 44. Nd4 g4 45. Bf5 f3+ 46. Ke1 Rxd4 47. cxd4 Rxf5 48. Nxe3 Rf4 49. Kf2 Rxd4 50. Nf5 Rd2+ 51. Kg3 Rxb2 52. Rh1 Rg2+ 53. Kf4 f2 54. Rxh5+ Kg8 55. Ne3 Rg1 56. Rg5+ Kh7 57. Rh5+ Kg6 58. Rg5+ Kf7 59. Rf5+ Ke6 60. Ke4 g3 61. Rg5 f1=Q 62.
Nxf1 Rxf1 63. Rg6+ Kd7 64. Rxg3 Kc6 65. Kd4 Rd1+ 66. Kc3 Rd3+ 67. Kb4 Rb3+ 68. Rxb3 cxb3 69. Kxb3 Kc5 0-1

[Event "*** Titled Tuesday Blitz"]
[Site "Chess.com"]
[Date "2021.03.30"]
[Round "8"]
[White "bsnsun"]
[Black "biveklama"]
[Result "0-1"]
[WhiteElo "2465"]
[BlackElo "2363"]
[TimeControl "180+1"]
[EndTime "11:30:19 PDT"]
[Termination "biveklama won by checkmate"]

1. d4 d5 2. c4 c6 3. Nf3 Nf6 4. g3 g6 5. Bg2 Bg7 6. b3 O-O 7. Bb2 Ne4 8. O-O Nd7 9. Nbd2 Ndf6 10. Rc1 Nxd2 11. Nxd2 a5 12. Re1 a4 13. bxa4 Qa5 14. cxd5 cxd5 15. a3 Bd7 16. Nb3 Qxa4 17. Nc5 Qxd1 18.
Rexd1 Bc6 19. Rc3 b6 20. Nd3 Bb5 21. Rc7 Rfc8 22. Rdc1 Rxc7 23. Rxc7 e6 24. Rb7 Nd7 25. Nb4 Bf8 26. Bf3 Bxb4 27. axb4 Ra2 28. Bc3 Rc2 29. Rc7 Kg7 30. Kg2 Nb8 31. e4 Nc6 32. exd5 exd5 33. Ba1 Rc1 34. Bxd5 Rxa1 35. Rxf7+ Kh6 36. g4 Nxd4 37.
h4 g5 38. h5 Bf1+ 39. Kh2 Bd3 40. Rf6+ Kg7 41. Rxb6 Be2 42. h6+ Kf8 43. Rb8+ Ke7 44.
Rb7+ Kd6 45. Bg2 Bd3 46. Rb6+ Ke5 47. Rb8 Rb1 48. Re8+ Kf4 49. Rd8 Ke5 50. Rd5+ Ke6 51. Rxd4 Bg6 52. Rc4 Bd3 53. Rc6+ Ke5 54. Rb6 Kf4 55.
Rf6+ Kxg4 56. Bf3+ Kh4 57. Kg2 g4 58. Bd5 Bf1+ 59.
Kh2 Bd3 60. Be6 Be4 61. f3 Bxf3 62. Rxf3 gxf3 63. Bd5 Rb2+ 64. Kg1 Kg3 65. Be4 Re2 66. Bxf3 Re1# 0-1

[Event "*** Titled Tuesday Blitz"]
[Site "Chess.com"]
[Date "2021.03.30"]
[Round "8"]
[White "DanielTitichoca"]
[Black "KacperPolOK"]
[Result "1/2-1/2"]
[WhiteElo "2284"]
[BlackElo "2431"]
[TimeControl "180+1"]
[EndTime "11:30:19 PDT"]
[Termination "Game drawn by agreement"]

1. e4 c5 2. Nf3 Nc6 3. d4 cxd4 4. Nxd4 e5 5. Nb5 d6 6. N1c3 a6 7. Na3 b5 8. Nd5 Nge7 9. c4 Nd4 10. Be3 Nxd5 11.
exd5 Nf5 12. Bd2 e4 13. Be2 g6 14. Bc3 Bg7 15. Bxg7 Nxg7 16. Qd4 O-O 17. O-O f5 18. cxb5 axb5 19. Nxb5 Ba6 20. a4 Qg5 21. Kh1 Rae8 22. f4 exf3 23. Bxf3 f4 24. Rfe1 Nf5 25. Qa7 Ng3+ 26.
Kg1 Bxb5 27. axb5 Nf5 28. Qd7 Rxe1+ 29. Rxe1 Nh4 30. Qg4 Nxf3+ 31. gxf3 Qxd5 32. Qe6+ Qxe6 33. Rxe6 Rb8 34. Rxd6 Rxb5 35. Rd2 Kg7 36. Kf2 Kf6 37.
Rc2 Kg5 38. Kg1 Rb3 39. Kg2 h5 40. Rf2 Kh4 41. Rd2 g5 42. Rf2 g4 43. fxg4 Kxg4 44. h3+ Kf5 45. Rc2 h4 46. Rd2 Ke4 47. Re2+ Kf5 48.
Rc2 Rb4 49. Rc5+ Ke4 50. Rc2 f3+ 51. Kf2 Kf4 52. Rd2 Rc4 53. b3 Rb4 54. Rd3 Kg5 55.
Rxf3 Rb6 56. Rd3 Ra6 57. Kg2 Kf4 58. Rd4+ Kg5 59. Rg4+ Kh5 60. b4 Ra3 61. b5 Rb3 62. Rc4 Rxb5 63. Kf3 Ra5 1/2-1/2

[Event "*** Titled Tuesday Blitz"]
[Site "Chess.com"]
[Date "2021.03.30"]
[Round "8"]
[White "Mikhal867"]
[Black "Witik"]
[Result "1-0"]
[WhiteElo "2446"]
[BlackElo "2673"]
[TimeControl "180+1"]
[EndTime "11:30:22 PDT"]
[Termination "Mikhal867 won on time"]

1. e4 c6 2. d3 d5 3. Nd2 Nf6 4. e5 Nfd7 5. Ngf3 e6 6. g3 c5 7. Bg2 Nc6 8. Qe2 g5 9. O-O Bg7 10. Nb3 h6 11. d4 c4 12. Nbd2 g4 13. Nh4 Nxd4 14. Qxg4 Bxe5 15. Ndf3 Ne2+ 16. Kh1 Nxc1 17. Nxe5 Nxe5 18. Qg7 Rf8 19. Qxe5 Qg5 20. Qe1 Nd3 21.
cxd3 cxd3 22. f4 Qf6 23. Qe5 Qxe5 24. fxe5 Bd7 25. Rfd1 Rc8 26. Rxd3 Rc2 27. Rb3 b6 28. Nf3 Ke7 29. Bf1 f6 30. Bd3 Rf2 31. exf6+ Rxf6 32.
Ne5 Be8 33. Ng4 e5 34. Nxf6 Rxf6 35. Bb5 Bg6 36. Re1 Kd6 37. Bd3 e4 38. Bf1 Ke5 39.
Bg2 Rc6 40. Rb5 Rc5 41. Rxc5 bxc5 42. Kg1 d4 43. Kf2 e3+ 44. Ke2 c4 45. Bf3 Bd3+ 46.
Kd1 Be4 47. Be2 d3 48. Bh5 Kd4 49. Rg1 a5 50. h4 a4 51. Bg4 a3 52. bxa3 c3 53.
Be2 c2+ 54. Kc1 d2+ 55. Kb2 Bd3 56. Bg4 Be4 57. a4 Bd3 58. a5 c1=Q+ 59. Rxc1 dxc1=Q+ 60. Kxc1 Kc3 61. Kd1 Kb4 62. Be2 Bb1 63. a6 Bxa2 64. Kc2 Bd5 65. Kd3 1-0

[Event "*** Titled Tuesday Blitz"]
[Site "Chess.com"]
[Date "2021.03.30"]
[Round "8"]
[White "Mihnea2017"]
[Black "kidagent"]
[Result "0-1"]
[WhiteElo "2454"]
[BlackElo "2331"]
[TimeControl "180+1"]
[EndTime "11:30:22 PDT"]
[Termination "kidagent won by checkmate"]

1. e4 c5 2. Nf3 d6 3. d4 cxd4 4. Nxd4 Nf6 5. Nc3 a6 6. Be3 e5 7.
Nb3 Be7 8. f3 O-O 9. Qd2 Be6 10.
g4 b5 11. O-O-O b4 12. Nd5 Bxd5 13. exd5 a5 14. Kb1 Nfd7 15. g5 Na6 16. h4 a4 17. Nc1 Qa5 18. h5 Rfb8 19. g6 Nac5 20. h6 fxg6 21. hxg7 b3 22. cxb3 axb3 23. Qxa5 Rxa5 24.
a3 Kxg7 25. Bh3 Nb6 26. Bxc5 Rxc5 27. Nxb3 Rb5 28. Ka2 Nxd5 29. Be6 Rxb3 30. Bxd5 Rxb2+ 31. Ka1 e4 32. Rb1 Rxb1+ 33. Rxb1 Rxb1+ 34. Kxb1 exf3 35. Bxf3 Bd8 36. a4 Kf6 37. Kc2 Ke5 38. Kd3 d5 39.
Bd1 Bb6 40. Bf3 h5 41. Bd1 h4 42. Bg4 Kf4 43. Be6 Ke5 44. Bg4 g5 45. Bd7 Kf4 46. Be6 d4 47. a5 Bxa5 48. Kxd4 Be1 49. Kd3 Kf3 50. Bd5+ Kf2 51. Ke4 g4 52. Kf4 g3 53.
Kg4 g2 54. Bxg2 Kxg2 55. Kf4 h3 56. Ke3 h2 57. Ke2 h1=Q 58. Ke3 Qf1 59. Kd4 Kf3 60. Kc5 Bf2+ 61. Kc6 Qc1+ 62. Kb7 Kf4 63. Kb8 Ke5 64. Kb7 Kd6 65. Ka8 Bg3 66. Kb8 Kc6+ 67. Kc8 Qh6 68. Kd8 Qg6 69. Ke7 Bd6+ 70. Kd8 Qf7 71. Kc8 Qe8# 0-1

[Event "*** Titled Tuesday Blitz"]
[Site "Chess.com"]
[Date "2021.03.30"]
[Round "8"]
[White "arminmusovic"]
[Black "Vuk2000"]
[Result "1-0"]
[WhiteElo "2577"]
[BlackElo "2722"]
[TimeControl "180+1"]
[EndTime "11:30:26 PDT"]
[Termination "arminmusovic won by checkmate"]

1. a3 a6 2. Nc3 Nc6 3. e4 e6 4. Nf3 d5 5. d4 dxe4 6. Nxe4 Be7 7.
Bd3 Nf6 8. O-O O-O 9. c3 Bd7 10.
Re1 Nxe4 11. Bxe4 Bf6 12. Bf4 Rb8 13. h4 Bxh4 14. Nxh4 Qxh4 15. Bxc7 Rbc8 16. Bg3 Qg5 17. Qd3 f5 18. Bf3 f4 19. Bh2 e5 20. dxe5 Be6 21.
Qd6 Rce8 22. Rad1 Na5 23. Bd5 Qg6 24. Be4 Qg5 25. Bd5 Qg6 26. Be4 Qh6 27. Rd5 Nc4 28. Qc7 b5 29. Rd4 Nxb2 30. Bc6 Rc8 31. Qb7 Nc4 32. Bf3 Nxa3 33. Qxa6 Nc2 34. Red1 Nxd4 35. cxd4 Qg6 36. Qxb5 Qf5 37. Qe2 Bc4 38. Qe4 Qf7 39. d5 Bb3 40. Re1 Rc4 41. e6 Rxe4 42. exf7+ Rxf7 43. Bxe4 g5 44. f3 Rd7 45. Rb1 Bc4 46.
Rc1 Bb3 47. Rc3 Ba2 48. Rd3 Kf7 49. Kh1 Kf6 50. d6 Ke6 51. Bg1 h6 52. Bc5 h5 53.
Ba3 g4 54. Kg1 Bc4 55. Rd4 Bb3 56. Rb4 Ba2 57. Rb2 Bc4 58. Rc2 Bb3 59. Rc3 Ba2 60. Rc7 Rd8 61. Re7+ Kf6 62. Bb2+ Kg5 63. Rg7+ Kh4 64.
Bf6+ Kg3 65. Bxd8 Be6 66. Rh7 h4 67. Bxh4# 1-0

[Event "*** Titled Tuesday Blitz"]
[Site "Chess.com"]
[Date "2021.03.30"]
[Round "8"]
[White "FoggyMorning"]
[Black "Keks2017"]
[Result "1-0"]
[WhiteElo "2603"]
[BlackElo "2482"]
[TimeControl "180+1"]
[EndTime "11:30:27 PDT"]
[Termination "FoggyMorning won on time"]

1. e4 d6 2. d4 Nf6 3. Nc3 g6 4. Be3 c6 5. h3 Nbd7 6. f4 b5 7. e5 b4 8. exf6 bxc3 9. bxc3 Nxf6 10. Bd3 Bg7 11. Ne2 O-O 12. O-O Nd5 13. Bd2 f5 14. c4 Nf6 15. Ng3 d5 16. c3 e6 17. Qe2 Ne4 18. Nxe4 dxe4 19. Bc2 c5 20. dxc5 Qa5 21. Be3 Qxc3 22. Bb3 Bb7 23. Rac1 Qd3 24.
Qxd3 exd3 25. Rfd1 Be4 26. c6 Rfc8 27. c5 Kf7 28. Bc4 Rxc6 29. Bxd3 Bd5 30. Bb5 Rc7 31. Ba6 Rb8 32. Rd2 Rb4 33. c6 Bf8 34. Bc5 Bxc5+ 35. Rxc5 Rxf4 36. Bb7 Ke7 37. Ra5 Rb4 38. Ra6 g5 39.
Rc2 h5 40. Rd2 h4 41. Kh2 g4 42. a3 Rb3 43. hxg4 fxg4 44. Kg1 g3 45. Kf1 Kd6 46. Ke1 Rf7 47. Kd1 Kc7 48. Rxa7 Kb8 49. Ra8+ Kc7 50. Rc8+ Kb6 51. Rh8 Rf1+ 52. Kc2 Rbb1 53.
Kc3 Rfc1+ 54. Kd4 Rc4+ 55. Ke5 Re4+ 56. Kd6 Rc1 57. Ba8 Ra4 58. Rb8+ Ka7 59. Rc8 Kb6 60. Bb7 Re4 61. Re8 h3 62. c7 hxg2 63. c8=Q Rxc8 64.
Bxc8 g1=Q 65. Rb2+ Ka5 66. Bd7 Qa7 67. Rc8 Bc6 68.
Rxc6 Rd4+ 69. Ke5 Rd5+ 70. Ke4 Qxd7 71. Rbb6 Rd4+ 72. Ke5 Qd5+ 73. Kf6 1-0